 Dungeon Crawl Stone Soup version 0.20.1-1-g8b1a95d (console) character file.

143 bli the Chiller (level 5, 0/39 HPs)
             Began as a Barachi Ice Elementalist on Aug 15, 2017.
             Slain by a scorpion (5 damage)
             ... on level 4 of the Dungeon.
             The game lasted 00:11:29 (2372 turns).

bli the Chiller (Barachi Ice Elementalist)          Turns: 2372, Time: 00:11:30

Health: 0/39       AC:  2    Str:  9    XL:     5   Next: 25%
Magic:  7/11       EV: 13    Int: 16    God:
Gold:   122        SH:  0    Dex: 13    Spells: 11/12 levels left

rFire    x . .     SeeInvis .   j - -3 dagger (curse)
rCold    + . .     Gourm    .   (no shield)
rNeg     . . .     Faith    .   u - +0 robe (curse)
rPois    .         Spirit   .   (no helmet)
rElec    .         Reflect  .   (no cloak)
rCorr    .         Harm     .   (no gloves)
MR       .....                  (no boots)
Stlth    ++........             (no amulet)
Regen    0.2/turn               d - ring of ice
MPRegen  0.2/turn               (no ring)

@: lethally poisoned (0 -> -16), slow
A: +LOS, swims, slowness 1, strong legs 1
a: Hop


You were on level 4 of the Dungeon.
You were hungry.

You visited 1 branch of the dungeon, and saw 4 of its levels.

You collected 122 gold pieces.

Inventory:

Hand Weapons
 j - a cursed -3 dagger (weapon)
 l - a +0 dagger of draining
Missiles
 g - 132 stones (quivered)
Armour
 a - a +0 robe
 f - a +0 leather armour
 m - a +2 shield
 u - a cursed +0 robe (worn)
Jewellery
 d - a ring of ice (left hand)
 v - an uncursed ring of protection from cold {unknown}
Wands
 x - a wand of random effects (18/48)
Scrolls
 e - a scroll of fear {unknown}
 h - a scroll of teleportation {unknown}
 i - a scroll of enchant weapon {unknown}
 n - 2 scrolls of enchant armour {unknown}
 p - 4 scrolls of remove curse {unknown}
 s - 2 scrolls of blinking {unknown}
 t - 2 scrolls of identify {unknown}
Potions
 k - a potion of agility {unknown}
 o - 3 potions of invisibility {unknown}
 r - a potion of mutation {unknown}
 w - a potion of heal wounds {unknown}
Books
 b - a book of Frost

   Spells                             Type                      Level
   a - Freeze                         Ice                          1
   b - Throw Frost                    Conjuration/Ice              2
   c - Ozocubu's Armour               Charms/Ice                   3
   d - Throw Icicle                   Conjuration/Ice              4
   e - Summon Ice Beast               Ice/Summoning                4
Comestibles
 c - 2 bread rations
 q - 2 fruits


   Skills:
 * Level 2.5 Fighting
 * Level 2.4 Dodging
 - Level 2.0 Stealth
 * Level 4.0 Spellcasting
   Level 1.1 Conjurations
 + Level 4.4 Ice Magic


You had 11 spell levels left.
You knew the following spells:

 Your Spells              Type           Power        Failure   Level  Hunger
a - Freeze                Ice            ####         2%          1    None


Dungeon Overview and Level Annotations

Branches:
Dungeon (4/15)
 Temple: D:4-7

Altars:
Fedhas
Hepliaklqana
Yredelemnul

Annotations:
D:3 LittleStrapony's ghost, amateur DrTm


Innate Abilities, Weirdness & Mutations

Shadows flee at your approach. (+LOS)
You can swim through water.
You cover ground slowly.
You can hop short distances.


Message History

Confirm with . or Enter, or press ? or * to list all spells.
Aiming: Freeze
Press: ? - help, Shift-Dir - straight line, f/p - phantom
Aim: a phantom (lightly damaged)
You feel a surge of power!
You freeze the phantom.
The phantom completely resists.
The phantom is lightly damaged.
* * * LOW HITPOINT WARNING * * *
You feel sick. The scorpion stings you.
* * * LOW HITPOINT WARNING * * *
The phantom closely misses you.
Casting: Freeze
Confirm with . or Enter, or press ? or * to list all spells.
Aiming: Freeze
Press: ? - help, Shift-Dir - straight line, f/p - phantom
Aim: a phantom (lightly damaged)
You feel a surge of power!
You freeze the phantom.
The phantom completely resists.
The phantom is lightly damaged.
* * * LOW HITPOINT WARNING * * *
You feel sick. The scorpion stings you.
You die...

## ### .. ... .
##)..## # #.#.#.#
..?.....
#.#.#.########
#..W.(......#
##..@######.#
#..s..# #[# ###
##..#.####.## ##..
...........#####...
##..#.####..........
...# #.######...
##.# #.# ##.. #.#
#.# #... ..#
#.######.#.
#..........
########.#.


You could see a phantom and a scorpion.

Vanquished Creatures
  An orc priest (D:3)
  4 adders
  An ooze (D:2)
  A worm (D:3)
  2 dart slugs (D:1)
  2 leopard geckos
  4 orcs (D:3)
  3 giant cockroaches (D:1)
  6 goblins
  7 hobgoblins
  8 jackals (D:3)
  2 quokkas (D:3)
  A ball python (D:3)
  4 bats
  A frilled lizard (D:2)
  6 kobolds
  7 rats
60 creatures vanquished.

Notes
Turn   | Place    | Note
-------+----------+-------------------------------------------
     0 | D:1      | bli the Barachi Ice Elementalist began the quest for the Orb.
     0 | D:1      | Reached XP level 1. HP: 13/13 MP: 3/3
    99 | D:1      | Reached skill level 1 in Fighting
   178 | D:1      | Reached XP level 2. HP: 10/21 MP: 5/5
   875 | D:2      | Reached XP level 3. HP: 23/27 MP: 3/6
  1394 | D:2      | Reached XP level 4. HP: 27/33 MP: 4/8
  1956 | D:3      | Found a hazy altar of Hepliaklqana.
  2053 | D:3      | Found a blossoming altar of Fedhas.
  2165 | D:3      | Noticed LittleStrapony's ghost (amateur DrTm)
  2173 | D:3      | Reached XP level 5. HP: 39/39 MP: 7/10
  2259 | D:3      | Found a basalt altar of Yredelemnul.
  2367 | D:4      | Noticed a phantom
  2372 | D:4      | Slain by a scorpion

Skill      XL: |  1  2  3  4  5 |
---------------+----------------+-----
Fighting       | 1 2 |  2.5
Ice Magic      | 4 |  4.4
Spellcasting   | 3 4 |  4.0
Stealth        | 2 |  2.0
Dodging        | |  2.4
Conjurations   | |  1.1

Action                   |  1- 3 |  4- 6 || total
-------------------------+-------+-------++-------
Melee: Unarmed           |    20 |       ||    20
       Dagger            |    21 |     3 ||    24
 Cast: Freeze            |    45 |    45 ||    90
 Stab: Sleeping          |     5 |     1 ||     6
  Eat: Chunk             |     2 |     3 ||     5
Armor: Robe              |    14 |     3 ||    17
Dodge: Dodged            |    52 |    17 ||    69
